Map: Aura de mort EC

Players

ShaDoWn - Winner!

  • Race: Protoss Protoss
  • Spawn Location: 5:00

ArT

  • Race: Protoss Protoss
  • Spawn Location: 11:00

Event: DreamHack SC2 Masters 2020 Winter

VOD

Have the link to the VOD?

Description

Time

  • Played on: Oct. 16, 2020, 2:53 p.m.
  • Length: 11:50

All games in this series

Show
View Real Time Build Order
Export as new Build Order

ShaDoWn Protoss - Winner!

Build Orders:  

Get SALT Encoding   

  12  0:00  Probe  
  13  0:12  Probe  
  14  0:16  Pylon  
  14  0:24  Probe (Chrono Boost)  
  15  0:36  Probe (Chrono Boost)  
  15  0:37  Gateway  
  16  0:44  Probe (Chrono Boost)  
  16  0:49  Assimilator  
  17  0:51  Probe  
  18  1:03  Probe  
  19  1:04  Pylon  
  19  1:08  Assimilator  
  19  1:15  Probe  
  20  1:24  Cybernetics Core  
  20  1:27  Probe  
  21  1:33  Pylon  
  21  1:39  Probe  
  22  1:51  Probe  
  23  1:59  Adept (Chrono Boost)  
  25  2:01  Warp Gate  
  25  2:04  Probe  
  26  2:16  Probe  
  26  2:19  Stargate  
  27  2:25  Stalker  
  29  2:33  Nexus  
  29  2:37  Probe  
  29  2:42  Pylon  
  30  2:50  Probe  
  31  2:57  Void Ray (Chrono Boost)  
  31  3:02  Probe  
  31  3:04  Shield Battery  
  34  3:14  Probe  
  35  3:23  Gateway  
  35  3:24  Void Ray (Chrono Boost)  
  39  3:45  Probe x2  
  41  3:56  Stalker  
  41  3:59  Probe x2  
  49  4:03  Oracle (Chrono Boost)  
  48  4:10  Pylon  
  48  4:11  Probe x2  
  48  4:14  Gateway  
  50  4:23  Probe  
  50  4:24  Probe  
  52  4:26  Stalker  
  52  4:28  Stalker  
  56  4:33  Pylon  
  56  4:36  Probe (Chrono Boost)  
  58  4:40  Probe (Chrono Boost)  
  58  4:45  Twilight Council  
  59  4:46  Probe (Chrono Boost)  
  59  4:49  Probe (Chrono Boost)  
  59  4:51  Probe (Chrono Boost)  
  60  4:53  Assimilator  
  60  4:57  Assimilator  
  60  4:58  Sentry  
  60  4:59  Probe  
  64  5:03  Probe  
  65  5:07  Stalker  
  65  5:11  Probe  
  65  5:12  Shield Battery  
  68  5:15  Shield Battery  
  68  5:17  Stalker  
  68  5:20  Pylon  
  70  5:26  Pylon  
  70  5:35  Pylon  
  70  5:37  Blink (Chrono Boost)  
  70  5:38  Probe  
  70  5:41  Nexus  
  71  5:45  Pylon  
  71  5:47  Probe  
  72  5:55  Probe  
  72  5:56  Stalker x2  
  77  6:12  Stalker, Gateway  
  77  6:13  Gateway  
  77  6:15  Gateway  
  77  6:17  Pylon  
  79  6:24  Stalker x2  
  83  6:31  Nexus  
  83  6:36  Sentry  
  85  6:47  Probe x2  
  85  6:48  Nexus  
  85  6:51  Stalker x2  
  85  6:52  Forge  
  85  6:53  Pylon  
  91  6:59  Probe  
  91  7:00  Stalker  
  94  7:08  Stalker, Sentry  
  98  7:10  Stalker, Probe  
  98  7:15  Stalker  
  103  7:16  Stalker  
  103  7:22  Robotics Facility  
  105  7:24  Probe  
  105  7:27  Probe  
  105  7:29  Stalker  
  109  7:42  Pylon  
  109  7:43  Pylon  
  103  7:55  Probe  
  98  8:00  Stalker x6  
  98  8:05  Probe  
  105  8:07  Probe  
  100  8:16  Probe  
  95  8:25  Probe  
  94  8:29  Stalker x6, Warp Prism (Chrono Boost)  
  94  8:34  Probe  
  101  8:51  Probe  
  101  8:54  Stalker x6  
  110  8:57  Protoss Ground Weapons Level 1 (Chrono Boost)  
  97  9:02  Observer  
  97  9:03  Probe  
  98  9:15  Charge (Chrono Boost)  
  95  9:17  Stalker x3  
  95  9:19  Zealot x3  
  95  9:22  Assimilator  
  95  9:23  Assimilator  
  107  9:30  Nexus  
  107  9:40  Dark Shrine  
  107  9:49  Sentry  
  107  9:50  Zealot x4  
  117  9:56  Pylon, Probe x2  
  119  10:00  Probe  
  119  10:06  Observer  
  121  10:08  Zealot, Probe  
  124  10:15  Gateway  
  124  10:16  Gateway, Zealot x2  
  124  10:17  Pylon, Zealot  
  130  10:22  Sentry  
  132  10:28  Gateway  
  132  10:29  Zealot x2  
  136  10:39  Zealot x3  
  136  10:40  Pylon  
  143  10:48  Zealot  
  143  10:49  Zealot x2  
  148  11:07  Dark Templar x3  
  148  11:08  Dark Templar  
  148  11:09  Dark Templar x2  
  160  11:12  Pylon, Probe  
  161  11:19  Probe  
  161  11:22  Probe  
  155  11:26  Stalker x3  
  147  11:42  Zealot x6  
Show
View Real Time Build Order
Export as new Build Order

ArT Protoss 

Build Orders: Double Forge, Phoenix Opening 

Get SALT Encoding   

  12  0:00  Probe  
  13  0:12  Probe  
  14  0:18  Pylon  
  14  0:24  Probe (Chrono Boost)  
  15  0:36  Probe (Chrono Boost)  
  15  0:37  Gateway  
  16  0:43  Assimilator  
  16  0:45  Probe (Chrono Boost)  
  17  0:53  Probe  
  17  0:56  Assimilator  
  18  1:01  Forge  
  18  1:06  Probe  
  19  1:19  Probe  
  19  1:20  Assimilator  
  20  1:25  Cybernetics Core  
  20  1:26  Gateway  
  20  1:31  Probe  
  21  1:37  Pylon  
  21  1:43  Probe  
  22  1:55  Probe  
  23  2:02  Warp Gate  
  23  2:07  Probe  
  23  2:08  Stalker (Chrono Boost)  
  26  2:12  Stalker (Chrono Boost)  
  28  2:19  Pylon  
  28  2:23  Probe  
  31  2:37  Stalker (Chrono Boost)  
  31  2:39  Stalker (Chrono Boost)  
  33  2:45  Probe  
  34  2:59  Sentry (Chrono Boost)  
  34  3:01  Shield Battery  
  36  3:12  Shield Battery, Sentry  
  38  3:20  Nexus  
  38  3:28  Probe  
  39  3:36  Pylon  
  39  3:44  Phoenix  
  39  3:51  Robotics Facility  
  39  3:53  Twilight Council  
  40  3:56  Probe (Chrono Boost)  
  40  4:00  Stalker, Sentry  
  40  4:01  Probe (Chrono Boost)  
  43  4:10  Phoenix  
  43  4:12  Probe (Chrono Boost)  
  43  4:14  Forge  
  45  4:25  Probe (Chrono Boost)  
  45  4:27  Blink (Chrono Boost)  
  45  4:33  Probe (Chrono Boost)  
  45  4:35  Probe (Chrono Boost)  
  47  4:42  Probe (Chrono Boost)  
  47  4:43  Gateway, Probe (Chrono Boost)  
  47  4:44  Protoss Ground Weapons Level 1 (Chrono Boost)  
  49  4:47  Probe (Chrono Boost)  
  49  4:51  Probe  
  51  4:57  Pylon  
  51  4:59  Probe  
  52  5:08  Stalker x2  
  52  5:10  Shield Battery  
  56  5:15  Probe  
  56  5:19  Probe  
  58  5:25  Assimilator  
  58  5:29  Shield Battery  
  58  5:35  Probe x2  
  60  5:40  Stalker, Sentry  
  60  5:42  Stalker  
  66  5:49  Pylon  
  66  5:50  Probe  
  66  5:53  Probe  
  68  5:59  Phoenix  
  68  6:05  Nexus  
  68  6:10  Gateway  
  68  6:14  Probe x2  
  68  6:17  Charge (Chrono Boost), Pylon  
  70  6:19  Stalker  
  72  6:28  Pylon  
  72  6:29  Probe  
  72  6:31  Probe  
  74  6:45  Stalker x3  
  76  6:50  Gateway  
  76  6:53  Phoenix  
  76  6:55  Gateway  
  76  6:57  Gateway  
  76  7:00  Gateway  
  76  7:02  Protoss Ground Weapons Level 2  
  76  7:09  Probe x2  
  76  7:14  Stalker x2  
  84  7:24  Shield Battery  
  84  7:25  Shield Battery  
  84  7:27  Stalker  
  84  7:29  Shield Battery  
  84  7:39  Stalker x2  
  68  8:02  Stalker x6  
  68  8:04  Stalker  
  72  8:11  Probe x2  
  65  8:26  Stalker x3  
  71  8:28  Zealot x3  
  71  8:33  Zealot  
  79  8:35  Pylon  
  77  8:48  Pylon  
  69  8:51  Stalker x2  
  69  8:52  Stalker  
  72  9:00  Zealot x2  
  70  9:04  Probe x3  
  71  9:12  Stalker x2  
  73  9:17  Probe x2  
  73  9:23  Robotics Facility  
  75  9:29  Probe x2 (Chrono Boost)  
  75  9:31  Probe (Chrono Boost)  
  76  9:32  Sentry  
  79  9:39  Probe (Chrono Boost)  
  79  9:40  Probe x2 (Chrono Boost)  
  79  9:45  Probe (Chrono Boost)  
  81  9:46  Photon Cannon, Probe  
  81  9:48  Photon Cannon, Probe  
  84  10:02  Probe x2  
  84  10:04  Assimilator  
  86  10:07  Assimilator  
  86  10:09  Assimilator, Probe  
  86  10:11  Observer (Chrono Boost)  
  88  10:14  Photon Cannon  
  88  10:15  Probe  
  89  10:22  Probe  
  89  10:23  Warp Prism (Chrono Boost)  
  89  10:24  Dark Shrine  
  92  10:28  Pylon  
  92  10:29  Probe  
  92  10:32  Probe  
  94  10:51  Stalker x5  
  104  11:04  Nexus  
  104  11:07  Pylon  
  104  11:20  Pylon  
  104  11:21  Sentry  
  104  11:25  Observer  
  105  11:34  Zealot  
  105  11:38  Zealot x3  
  104  11:42  Pylon  
Tags
 
Add a new tag
Caveats
  • Supply blocks, unpowered buildings, or Contaminate may cause inaccurate times.
  • Supply counts are checked every 10 seconds.